 Dungeon Crawl Stone Soup version 0.28.0-49-g6dfe1f597d (webtiles) character file.

Game seed: 6821176386192352137

5 CryoSword the Caller (level 1, -2/13 HPs)
             Began as a Gnoll Summoner on May 13, 2022.
             Slain by a kobold
             ... wielding a +1 vampiric dagger
              (4 damage)
             ... on level 1 of the Dungeon.
             The game lasted 00:00:25 (336 turns).

CryoSword the Caller (Gnoll Summoner)                Turns: 336, Time: 00:00:26

Health: -2/13      AC:  2    Str:  7    XL:     1   Next: 80%
Magic:  5/6        EV: 13    Int: 14    God:
Gold:   0          SH:  0    Dex: 12    Spells: 8/9 levels left

rFire   . . .      SeeInvis .   (no weapon)
rCold   . . .      Faith    .   (no shield)
rNeg    . . .      Spirit   .   a - +0 robe
rPois   .          Reflect  .   (no helmet)
rElec   .          Harm     .   (no cloak)
rCorr   .          Rampage  .   (no gloves)
Will    .....                   (no boots)
Stlth   ++........              (no amulet)
HPRegen 0.04/turn               (no ring)
MPRegen 0.10/turn               (no ring)

@: no status effects
A: fangs 1, strong nose, distributed training
a: no special abilities


You were on level 1 of the Dungeon.
You visited 1 branch of the dungeon, and saw 1 of its levels.

Inventory:

Armour
 a - a +0 robe (worn)
Scrolls
 b - 3 scrolls of enchant armour {unknown}
 c - a scroll of noise {unknown}


   Skills:
 + Level 0.1 Fighting
 + Level 0.1 Short Blades
 + Level 0.1 Long Blades
 + Level 0.1 Axes
 + Level 0.1 Maces & Flails
 + Level 0.1 Polearms
 + Level 0.1 Staves
 + Level 0.1 Slings
 + Level 0.1 Bows
 + Level 0.1 Crossbows
 + Level 0.1 Throwing
 + Level 0.1 Armour
 + Level 4.4 Dodging
 + Level 4.0 Stealth
 + Level 0.1 Shields
 + Level 0.1 Unarmed Combat
 + Level 4.9 Spellcasting
 + Level 0.1 Conjurations
 + Level 0.1 Hexes
 + Level 7.0 Summonings
 + Level 0.1 Necromancy
 + Level 0.1 Translocations
 + Level 0.1 Transmutations
 + Level 0.1 Fire Magic
 + Level 0.1 Ice Magic
 + Level 0.1 Air Magic
 + Level 0.1 Earth Magic
 + Level 0.1 Poison Magic
 + Level 0.2 Invocations
 + Level 0.1 Evocations


You had 8 spell levels left.
You knew the following spells:

 Your Spells              Type           Power      Damage    Failure   Level
a - Summon Small Mammal   Summ           92%        N/A       1%          1

Your spell library contained the following spells:

 Spells                   Type           Power      Damage    Failure   Level
 Call Imp                 Summ           23%        N/A       1%          2
 Call Canine Familiar     Summ           23%        N/A       3%          3
 Summon Guardian Golem    Hex/Summ       13%        N/A       12%         3
 Summon Lightning Spire   Summ/Air       13%        N/A       38%         4


Dungeon Overview and Level Annotations

Branches:
Dungeon (1/15)

Altars:


Innate Abilities, Weirdness & Mutations

You have very sharp teeth.
Your uncanny sense of smell can sniff out nearby items.
Your experience applies equally to all skills.


Message History

The bat hits your quokka but does no damage.
You closely miss the bat. Your bite misses the bat.
The bat hits you but does no damage.
Your quokka bites the bat.
Your rat bites the bat.
The bat barely misses your quokka.
You hit the bat but do no damage. The bat hits you but does no damage.
Your quokka closely misses the bat.
Found 3 scrolls labelled LOSYT ODIS.
The bat barely misses you.
Your rat closely misses the bat.
You swap places.
A goblin comes into view. It is wielding a +0 club.
The bat barely misses you.
You miss the bat. The bat closely misses you.
The bat hits you but does no damage.
Your quokka bites the bat.
The bat dies!
You swap places.
Found a scroll labelled DOIWESE GADU.
A kobold comes into view. It is wielding a +0 short sword.
Found a faded altar of an unknown god.
The kobold shouts!
The goblin shouts!
The goblin closely misses you.
You closely miss the goblin.
A bat comes into view. x2
The goblin hits you with a +0 club.
The bat moves out of view.
You are too injured to fight recklessly!
You are too injured to fight recklessly!
Unknown command.
You swap places.
Your quokka bites the goblin.
Your rat barely misses the goblin.
The goblin hits your rat with a +0 club.
Your rat dies!
Your rat's corpse disappears in a puff of smoke!
The bat barely misses you.
Your quokka misses the goblin. The bat hits you but does no damage.
The bat hits you.
Your quokka bites the goblin.
The goblin dies!
Your quokka misses the kobold. The bat barely misses you.
The kobold hits your quokka with a +0 short sword.
Your quokka bites the kobold.
The kobold dies!
The bat misses you. The bat barely misses you. The bat misses you.
The bat hits you but does no damage. The bat misses you. The bat hits you.
A rat comes into view.
The bat hits you but does no damage.
Your quokka disappears in a puff of smoke!
Your rat closely misses the bat.
You closely miss the bat. Your punch misses the bat.
The bat completely misses you.
You closely miss the bat. The bat hits you but does no damage.
The bat completely misses your rat.
Your rat bites the bat.
The bat closely misses you. The bat misses you. The bat closely misses you.
Your rat barely misses the bat.
The bat hits you but does no damage.
Your rat barely misses the bat.
The bat barely misses you. The bat closely misses you.
Your rat misses the bat. The bat completely misses you. The bat misses you.
The bat hits you but does no damage. The bat hits you. The bat misses you.
The bat hits you but does no damage.
You hit the bat. The bat hits you.
* * * LOW HITPOINT WARNING * * *
You hit the bat but do no damage. The bat barely misses you.
The bat hits you but does no damage. x2
You hit the bat but do no damage. The bat hits you but does no damage.
The bat barely misses you.
Your rat bites the bat.
The bat dies!
You start resting.
Your rat disappears in a puff of smoke!
b - 3 scrolls labelled LOSYT ODIS
Things that are here:
a +0 club; a goblin skeleton
Found 10 arrows.
c - a scroll labelled DOIWESE GADU
Found a stone staircase leading down.
A rat is nearby!
A rat is nearby!
A rat is nearby!
You swap places.
You hit the rat.
You kill the rat!
No target in view!
No target in view!
A kobold comes into view. It is wielding a +1 vampiric dagger.
A kobold is nearby!
A kobold is nearby!
A kobold is nearby!
No target in view!
No target in view!
No target in view!
A kobold and a goblin come into view.
The kobold is wielding a +1 vampiric dagger.
There are monsters nearby!
You hit the kobold but do no damage.
Your quokka disappears in a puff of smoke!
The kobold hits you with a +1 vampiric dagger.
You hit the kobold but do no damage.
Your rat bites the kobold.
The kobold hits you with a +1 vampiric dagger.
The kobold draws strength from your wounds!
You barely miss the kobold. Your bite misses the kobold.
The goblin shouts!
You hear an angry hiss.
You hear a shout!
Your rat disappears in a puff of smoke!
The kobold hits you with a +1 vampiric dagger.
* * * LOW HITPOINT WARNING * * *
The kobold draws strength from your wounds!
You are too injured to fight recklessly!
You are too injured to fight recklessly!
The kobold misses you. The kobold hits you but does no damage.
You barely miss the kobold.
Your bat hits the kobold but does no damage.
Your quokka barely misses the kobold.
The kobold hits you with a +1 vampiric dagger.
* * * LOW HITPOINT WARNING * * *
Your bat closely misses the kobold.
Your bat barely misses the kobold.
Your quokka bites the kobold but does no damage.
Your quokka bites the kobold.
Your bat hits the kobold but does no damage.
Your quokka barely misses the kobold.
You hit the kobold. Your bite misses the kobold.
Your bat barely misses the kobold.
The kobold closely misses you. The goblin barely misses your quokka.
Your quokka bites the kobold.
The goblin hits your quokka with a +0 club.
Your bat hits the kobold but does no damage.
You miss the kobold. Your bite misses the kobold.
Your bat closely misses the kobold.
The kobold barely misses you.
Your quokka barely misses the kobold.
You barely miss the kobold.
Your bat barely misses the kobold.
The kobold hits you with a +1 vampiric dagger.
* * * LOW HITPOINT WARNING * * *
The kobold draws strength from your wounds!
Your quokka misses the kobold.
The goblin hits your quokka with a +0 club.
You closely miss the kobold.
Your bat hits the kobold but does no damage.
Your quokka bites the kobold.
The kobold hits you but does no damage. The goblin closely misses your quokka.
You hit the kobold but do no damage.
Your bat barely misses the kobold.
Your quokka barely misses the kobold.
The kobold closely misses you. The goblin closely misses your quokka.
You miss the kobold. Your bat hits the goblin.
Your quokka closely misses the kobold.
The kobold hits you with a +1 vampiric dagger.
You die...

##.........................
#.......รท.................
#........##...............
#........#.............#..
###...#...................
###.#.####..#......#.#..
#...# #..###.........
##.)####b..........#..
#.)..@Krg.............
#.........###.####....
#..........##.# ....
#...#....#....# ##..
#..#.#.......## ..
#..#._.#.....## .
#..(#.#......#
#....#....#### #.........#


You could see a goblin, a kobold (ally target), a friendly quokka (summoned) and
a friendly bat (summoned).

Vanquished Creatures
  A rat (D:1)
1 creature vanquished.

Vanquished Creatures (collateral kills)
  2 bats (D:1)
  A goblin (D:1)
  A kobold (D:1)
4 creatures vanquished.

Grand Total: 5 creatures vanquished

Notes
Turn   | Place    | Note
-------+----------+-------------------------------------------
     0 | D:1      | CryoSword the Gnoll Summoner began the quest for the Orb.
     0 | D:1      | Reached XP level 1. HP: 13/13 MP: 6/6
    29 | D:1      | Found a faded altar of an unknown god.
   336 | D:1      | Slain by a kobold

Illustrated notes

Levels and vault maps discovered:
D:1:      dpeg_arrival_tiny_a, layout_rooms,
          chequers_ecumenical_altar_simple_redux, serial_curves, eino_curves_02,
          eino_curves_01

Action                   || total
-------------------------++-------
Melee: Unarmed           ||    21
 Cast: Summon Small Mamm ||     7
Armor: Robe              ||    16
Dodge: Dodged            ||    27
